 Dungeon Crawl Stone Soup version 0.23.2-1-ga50397a6bc (webtiles) character file.

Game seed: 6921164903043813868

121 Mithandil the Cudgeler (level 4, 45/45 HPs)
             Began as a Troll Monk on May 29, 2019.
             Quit the game on level 2 of the Dungeon on May 30, 2019.
             The game lasted 00:14:14 (1485 turns).

Mithandil the Cudgeler (Troll Monk)                 Turns: 1485, Time: 00:14:15

Health: 45/45      AC:  7    Str: 19    XL:     4   Next: 76%
Magic:  3/3        EV: 11    Int:  6    God:
Gold:   71         SH:  0    Dex: 13    Spells: 3/3 levels left

rFire    . . .     SeeInvis .   a - +1 mace
rCold    . . .     Gourm    +   (no shield)
rNeg     . . .     Faith    .   b - +0 robe
rPois    .         Spirit   .   (helmet restricted)
rElec    .         Reflect  .   l - +0 cloak
rCorr    +         Harm     .   (gloves unavailable)
MR       .....                  (boots unavailable)
Stlth    ++........             (no amulet)
HPRegen  0.55/turn              f - ring of resist corrosion
MPRegen  0.08/turn              (no ring)

@: no status effects
A: large, unfitting armour, claws 3, fast metabolism 3, gourmand, regeneration
1, shaggy fur 1, tough skin 3
a: no special abilities


You were on level 2 of the Dungeon.
You were completely stuffed.

You visited 1 branch of the dungeon, and saw 3 of its levels.

You collected 71 gold pieces.

Inventory:

Hand Weapons
 a - a +1 mace (weapon)
 o - a +0 hunting sling
Missiles
 d - 60 arrows
 e - 3 tomahawks (quivered)
 i - 61 stones
Armour
 b - a +0 robe (worn)
 l - a +0 cloak (worn)
Jewellery
 f - a ring of resist corrosion (left claw)
Scrolls
 g - 3 scrolls of amnesia {unknown}
 j - a scroll of teleportation {unknown}
 k - a scroll of remove curse
 p - a scroll of identify
Potions
 h - 2 potions of curing
 m - 2 potions of lignification {unknown}
 n - 2 potions of brilliance {unknown}
Comestibles
 c - 3 rations
 q - a chunk of flesh


   Skills:
 + Level 3.0 Fighting
 + Level 3.3 Maces & Flails
 + Level 1.4 Throwing
 + Level 3.0 Dodging
 + Level 1.5 Stealth


You had 3 spell levels left.
You didn't know any spells.
Your spell library was empty.

Dungeon Overview and Level Annotations

Branches:
Dungeon (3/15)

Altars:


Innate Abilities, Weirdness & Mutations

You are too large for most types of armour.
You have claws for hands.
Your metabolism is lightning-fast.
You like to eat raw meat.
Your natural rate of healing is unusually fast.
You are covered in fur. (AC +1)
You have extremely tough skin. (AC +3)


Message History

You sock the crimson imp!
The crimson imp is severely wounded.
The crimson imp barely misses you.
You hit the crimson imp but do no damage.
The crimson imp is heavily wounded.
The crimson imp hits you but does no damage. x2
You hit the crimson imp but do no damage.
The crimson imp is heavily wounded.
The crimson imp hits you but does no damage.
You sock the crimson imp!
You kill the crimson imp!
Your Fighting skill increases to level 3!
Your Dodging skill increases to level 3!
e - a tomahawk
e - 2 tomahawks (gained 1)
e - 3 tomahawks (gained 1) Welcome back, Mithandil the Troll Monk.
Press ? for a list of commands and other information.
Okay, then.
Are you sure you want to abandon this character and quit the game? (Confirm with "yes".)

.# ##### .# .## #.# #.#
..# #.# #.# #.# #.# #.#
#.# #.# #.# #.# #.# #
#.# #.# ####.#
##.######.# #.#
##....##..........# ..#
#......@...######.######
### #..#####...#
#..)..<. # #..#####...##
#.###### # #..#........#
#.# # #
#######..#..##..#.# #.#
# # #...........##..#.#
#.# # #
#.#####..##.##..#.# #.#
# # #.#
#..##.##..#.#####.#####.
####.##
#.........#.#..........#


There were no monsters in sight!

Vanquished Creatures
  A bullfrog (D:2)
  A crimson imp (D:2)
  A dart slug (D:1)
  2 giant cockroaches (D:2)
  5 goblins
  4 hobgoblins
  2 jackals (D:2)
  3 frilled lizards
  A kobold (D:2)
  4 rats (D:1)
24 creatures vanquished.

Notes
Turn   | Place    | Note
-------+----------+-------------------------------------------
     0 | D:1      | Mithandil the Troll Monk began the quest for the Orb.
     0 | D:1      | Reached XP level 1. HP: 22/22 MP: 0/0
   581 | D:1      | Reached XP level 2. HP: 29/29 MP: 1/1
  1369 | D:2      | Noticed a bullfrog
  1378 | D:2      | Killed a bullfrog
  1378 | D:2      | Reached skill level 1 in Throwing
  1378 | D:2      | Reached XP level 3. HP: 11/36 MP: 2/2
  1378 | D:2      | Reached XP level 4. HP: 14/44 MP: 3/3
  1485 | D:2      | Quit the game

Skill      XL: |  1  2  3  4 |
---------------+-------------+-----
Maces & Flails | 3 |  3.3
Throwing       | 1 |  1.4
Fighting       | 3 |  3.0
Dodging        | 3 |  3.0
Stealth        | |  1.5

Action                   |  1- 3 |  4- 6 || total
-------------------------+-------+-------++-------
Melee: Mace              |    50 |     4 ||    54
Throw: Tomahawk          |    25 |     7 ||    32
       Stone             |     2 |     1 ||     3
  Use: Scroll            |     5 |       ||     5
  Eat: Chunk             |    15 |     1 ||    16
       Ration            |     1 |       ||     1
Armor: Robe              |    26 |     3 ||    29
Dodge: Dodged            |    26 |     2 ||    28
